 Dungeon Crawl Stone Soup version 0.17.0-27-g4a3f43e (webtiles) character file.

55 McCoppin the Chiller (level 3, -6/24 HPs)
             Began as a Merfolk Ice Elementalist on Nov 21, 2015.
             Mangled by an orc
             ... wielding a cursed +0 flail
              (8 damage)
             ... on level 2 of the Dungeon.
             The game lasted 00:08:18 (2145 turns).

McCoppin the Chiller (Merfolk Ice Elementalist)     Turns: 2145, Time: 00:08:18

Health: -6/24      AC:  4    Str:  8    XL:     3   Next: 93%
Magic:  0/6        EV: 12    Int: 14    God:
Gold:   122        SH:  3    Dex: 15    Spells: 2 memorised, 3 levels left

rFire  . . .     SeeInvis .     (no weapon)
rCold  . . .     Clarity  .     a - +0 robe
rNeg   . . .     SustAt   .     q - +0 buckler
rPois  .         Gourm    .     l - +0 helmet
rElec  .         Spirit   .     (no cloak)
rCorr  .         Warding  .     (no gloves)
rMut   .         Stasis   .     k - +0 pair of boots
MR     .....                    (no amulet)
Stlth  ++........               (no ring)
                                (no ring)

@: not resistant to hostile enchantments, unstealthy
A: change form in water, swift swim
a: no special abilities


You were on level 2 of the Dungeon.
You were not hungry.

You visited 1 branch of the dungeon, and saw 3 of its levels.

You collected 122 gold pieces.

Inventory:

Armour
 a - a +0 robe (worn)
 g - a +0 shield
 k - a +0 pair of boots (worn)
 l - a +0 helmet (worn)
 q - a +0 buckler (worn)
Scrolls
 d - a scroll of magic mapping {unknown}
 i - a scroll of remove curse {unknown}
 j - a scroll of blinking {unknown}
 m - a scroll of recharging {unknown}
 o - 3 scrolls of identify {unknown}
 r - a scroll of teleportation {unknown}
 t - a scroll of random uselessness {unknown}
 v - a scroll of fear {unknown}
Potions
 e - a potion of agility {unknown}
 h - a potion of haste {unknown}
 n - 2 potions of magic {unknown}
 p - a potion of curing {unknown}
Books
 b - a book of Frost

   Spells                             Type                      Level
   a - Freeze                         Ice                          1
   b - Throw Frost                    Conjuration/Ice              2
   c - Ozocubu's Armour               Charms/Ice                   3
   d - Throw Icicle                   Conjuration/Ice              4
   e - Summon Ice Beast               Ice/Summoning                4
   f - Condensation Shield            Ice                          4
Comestibles
 c - 3 bread rations
 f - 2 meat rations
 s - a slice of pizza
 u - 4 chunks of flesh


   Skills:
 - Level 2.6 Dodging
 - Level 2.1 Stealth
 - Level 2.0 Spellcasting
 - Level 0.7 Conjurations
 + Level 5.2 Ice Magic


You had 3 spell levels left.
You knew the following spells:

 Your Spells              Type           Power        Failure   Level  Hunger
a - Freeze                Ice            ###.         6%          1    ##.....
b - Throw Frost           Conj/Ice       #.....       21%         2    ###....


Dungeon Overview and Level Annotations

Branches:
Dungeon (3/15)

Altars:

Annotations:
D:3 oplop's ghost, amateur SpEn


Message History

The orc freezes you.
* * * LOW HITPOINT WARNING * * *
You barely miss the orc.
The orc is severely wounded.
Casting: Freeze
Confirm with . or Enter, or press ? or * to list all spells.
Aiming: Freeze
Press: ? - help, Shift-Dir - straight line, f - orc, p - orc
Aim: an orc, wielding a hand axe of freezing (severely wounded)
You freeze the orc.
You kill the orc!
Casting: Freeze
Confirm with . or Enter, or press ? or * to list all spells.
Aiming: Freeze
Press: ? - help, Shift-Dir - straight line, f - orc
Aim: an orc, wielding a flail and wearing a scale mail You freeze the orc.
The orc is lightly wounded.
The orc hits you with a flail!
You die...

##.####..##.##..).........#
#....##....##............#
##.(...###..##............#
#.......#...###.>........##
#.......#..## ##...##...##
#.......)..# #...######
##.....#.#.#####o.##
#........#.....#o##
#........#####.#@#
#........####...<#
##.....#....#....#
##.....###.#.#..##
####...##.#.....#
###............##.#
....##.........##.# #######
)#####.........##.# #.[...#
.# #............# #.....#


You could see 2 orcs.

Vanquished Creatures
  An adder (D:2)
  2 worms (D:2)
  2 orcs
  A ball python (D:1)
  7 bats
  2 giant cockroaches (D:1)
  3 goblins
  5 hobgoblins
  A quokka (D:2)
  A giant newt (D:2)
  6 kobolds
  5 rats
36 creatures vanquished.

Notes
Turn   | Place    | Note
--------------------------------------------------------------
     0 | D:1      | McCoppin the Merfolk Ice Elementalist began the quest for the Orb.
     0 | D:1      | Reached XP level 1. HP: 13/13 MP: 3/3
   318 | D:1      | Reached XP level 2. HP: 19/19 MP: 1/5
   353 | D:1      | Reached skill level 4 in Ice Magic
  1012 | D:2      | Learned a level 2 spell: Throw Frost
  1031 | D:2      | Reached XP level 3. HP: 24/24 MP: 3/6
  1508 | D:2      | Reached skill level 5 in Ice Magic
  2128 | D:3      | Noticed oplop's ghost (amateur SpEn)
  2145 | D:2      | Mangled by an orc

Action                   || total
-------------------------++-------
Melee: Unarmed           ||   100
 Cast: Freeze            ||    49
       Throw Frost       ||     6
 Stab: Sleeping          ||     3
       Distracted        ||     1
  Eat: Chunk             ||     2
       Bread ration      ||     1
